 Dungeon Crawl Stone Soup version 0.25-a0-36-g303dd5b1f4 (webtiles) character file.

Game seed: 13555329761769441365, levelgen mode: deterministic

2181 Flugkiller the Vexing (level 9, -4/57 HPs)
             Began as an Octopode Enchanter on Oct 20, 2019.
             Was a Believer of Sif Muna.
             Killed from afar by a wizard (48 damage)
             ... with a crystal spear
             ... on level 8 of the Dungeon.
             The game lasted 00:15:21 (7613 turns).

Flugkiller the Vexing (Octopode Enchanter)          Turns: 7613, Time: 00:15:21

Health: -4/57      AC:  3    Str:  8    XL:     9   Next: 33%
Magic:  11/16      EV: 20    Int: 20    God:    Sif Muna [**....]
Gold:   472        SH:  0    Dex: 12    Spells: 9/18 levels left

rFire    . . .     SeeInvis .   a - +2 dagger (venom)
rCold    . . .     Gourm    .   (no shield)
rNeg     . . .     Faith    .   j - +2 hat
rPois    .         Spirit   .   (no amulet)
rElec    .         Reflect  .   l - ring of ice
rCorr    .         Harm     .   o - ring of fire
MR       .....                  p - +5 ring of evasion
Stlth    ++++......             (no ring)
HPRegen  0.19/turn              (no ring)
MPRegen  0.15/turn              (no ring)
                                (no ring)
                                (no ring)

@: slowed, lightly drained, very slow
A: almost no armour, stealthy swim, amphibious, 8 rings, constrict 8, camouflage
1, gelatinous body 1
a: Channel Magic, Renounce Religion


You were on level 8 of the Dungeon.
You worshipped Sif Muna.
Sif Muna was pleased with you.
You were not hungry.

You visited 1 branch of the dungeon, and saw 8 of its levels.

You collected 472 gold pieces.

Inventory:

Hand Weapons
 a - a +2 dagger of venom (weapon)
   (You took it off a goblin on level 1 of the Dungeon)
 b - a +3 dagger of pain
   (You took it off a goblin on level 1 of the Dungeon)
Armour
 j - a +2 hat (worn)
   (You found it on level 1 of the Dungeon)
Jewellery
 l - a ring of ice (left tentacle)
   (You found it on level 1 of the Dungeon)
 o - a ring of fire (right tentacle)
   (You found it on level 3 of the Dungeon)
 p - a +5 ring of evasion (on tentacle)
   (You found it on level 2 of the Dungeon)
Wands
 u - a wand of flame (60)
   (You found it on level 4 of the Dungeon)
 C - a wand of iceblast (8)
   (You found it on level 7 of the Dungeon)
Scrolls
 e - 3 scrolls of remove curse
 g - a scroll of amnesia
 i - 3 scrolls of teleportation
 m - a scroll of immolation {unknown}
 n - a scroll of blinking {unknown}
 q - a scroll of enchant weapon {unknown}
 w - a scroll of magic mapping {unknown}
 x - a scroll of brand weapon {unknown}
 y - a scroll of enchant armour {unknown}
 A - a scroll of fog
Potions
 c - a potion of mutation
 f - a potion of resistance
 h - a potion of heal wounds
 k - 2 potions of curing
 r - 2 potions of flight
 s - 2 potions of berserk rage
 t - a potion of lignification
 v - 2 potions of brilliance
 B - a potion of might {unknown}
Comestibles
 d - 10 rations
 z - 3 chunks of flesh


   Skills:
 - Level 3.2(2.8) Fighting
 - Level 4.3(3.9) Short Blades
 - Level 5.0(4.6) Dodging
 - Level 6.6(6.2) Stealth
 - Level 5.0(4.6) Spellcasting
 + Level 7.9(7.5) Hexes


You had 9 spell levels left.
You knew the following spells:

 Your Spells              Type           Power        Failure   Level  Hunger
a - Corona                Hex            ####...      1%          1    None
b - Ensorcelled Hibernat  Hex/Ice        ####..       3%          2    #......
c - Confuse               Hex            ####....     1%          3    ##.....
d - Tukima's Dance        Hex            ####....     1%          3    ##.....

Your spell library contained the following spells:

 Spells                   Type           Power        Failure   Level  Hunger
 Slow                     Hex            ####....     1%          2    #......
 Dazzling Spray           Conj/Hex       ###...       8%          3    ##.....
 Magic Dart               Conj           #...         12%         1    None
 Blink                    Tloc           N/A          19%         2    #......
 Call Imp                 Summ           #.......     19%         2    #......
 Conjure Flame            Conj/Fire      #.......     34%         3    ##.....
 Mephitic Cloud           Conj/Pois/Air  #.......     34%         3    ##.....


Dungeon Overview and Level Annotations

Branches:
Dungeon (8/15)             Temple (0/1) D:6
   Lair: D:8-11

Altars:
Dithmenos
Hepliaklqana
Nemelex Xobeh
Okawaru
Sif Muna
Vehumet
Wu Jian
Xom
The Shining One

Shops:
D:4 !   D:7 %

Annotations:
D:4 Sigmund
D:5 Dowan, Duvessa
D:7 exclusion: cyclops
D:8 exclusion: wizard


Innate Abilities, Weirdness & Mutations

You cannot wear most types of armour.
You are very stealthy in the water. (Stealth+)
You are amphibious.
You can wear up to eight rings at the same time.
You can use your tentacles to constrict eight enemies at once.
Your skin changes colour to match your surroundings (Stealth+).
Your rubbery body absorbs attacks. (AC +1, EV +1)


Message History

Press: ? - help, Shift-Dir - straight line, f - wizard
Aim: a wizard, wielding a +0 dagger and wearing a +0 robe (hasn't noticed you, chance to defeat MR: 24%)
Okay, then.
Unknown command.
Okay, then.
Okay, then.
Okay, then.
Okay, then.
Casting: Ensorcelled Hibernation (safe; 3% risk of failure)
Confirm with . or Enter, or press ? or * to list all spells.
Aiming: Confuse (safe; 1% risk of failure)
Press: ? - help, Shift-Dir - straight line, f - wizard
Aim: a wizard, wielding a +0 dagger and wearing a +0 robe (hasn't noticed you, chance to defeat MR: 28%)
The wizard shouts!
The wizard easily resists.
The wizard casts a spell at you.
You feel yourself slow down.
Casting: Confuse (safe; 1% risk of failure)
Confirm with . or Enter, or press ? or * to list all spells.
Aiming: Confuse (safe; 1% risk of failure)
Press: ? - help, Shift-Dir - straight line, f/p - wizard
Aim: a wizard, wielding a +0 dagger and wearing a +0 robe (chance to defeat MR: 28%)
The wizard easily resists.
You closely miss the wizard. Your grab misses the wizard.
You squeeze the wizard.
The wizard is lightly wounded.
The wizard hits you with a +0 dagger.
You barely miss the wizard. Your grab misses the wizard.
Your squeeze misses the wizard.
The wizard is lightly wounded.
The wizard completely misses you.
Unknown command.
You closely miss the wizard. Your grab misses the wizard.
The wizard is lightly wounded.
The wizard hits you with a +0 dagger.
You closely miss the wizard. Your grab misses the wizard.
The wizard is lightly wounded.
The wizard mumbles some strange words.
The wizard seems to speed up.
The wizard hits you but does no damage.
You hit the wizard.
The wizard is poisoned.
Your grab misses the wizard.
The wizard is lightly wounded.
The wizard hits you with a +0 dagger.
Unknown command.
You closely miss the wizard. You grab the wizard.
The wizard is lightly wounded.
You constrict the wizard.
The wizard gestures at you while chanting.
The crystal spear hits you!!!
Ouch! That really hurt!
You die...

########
####......#
#..........#
#.###.###..# #.#
#.###..# ### #.#
#......####.##
#.#
#.#....[@p.#.#
#.#
#.>..).####.##
####.###..[...#
#.#######
##.##.........##
#..รท....#
#.........#.###
#.#####)#
##.########.#
#.# #.# #.# #.#
#.# #)# #.# #'#
#.. #.# #.# ...
#.# #.#


You could see a wizard.

Vanquished Creatures
  Eustachio (D:6)
  An orc warrior (D:6)
  2 ogres
  3 phantoms
  A centaur (D:7)
  Blork the orc (D:5)
  2 scorpions
  A killer bee (D:8)
  3 wights (D:8)
  2 centaur zombies
  A bullfrog zombie (D:5)
  2 hounds
  A jelly (D:7)
  7 orc priests
  8 orc wizards
  A quasit (D:6)
  A bullfrog skeleton (D:6)
  Jessica (D:3)
  4 iguanas
  Ijyb (D:5)
  2 worker ants (D:7)
  A hound skeleton (D:4)
  4 adders
  7 gnolls
  An ooze (D:4)
  A worm (D:4)
  2 dart slugs
  A leopard gecko (D:3)
  23 orcs
  5 giant cockroaches
  9 goblins
  7 hobgoblins
  3 jackals (D:2)
  3 quokkas
  2 ball pythons
  10 bats
  8 frilled lizards
  9 kobolds
  2 leopard gecko skeletons
  6 rats
150 creatures vanquished.

Vanquished Creatures (others)
  5 dream sheep (D:3)
  A dancing weapon (D:8)
6 creatures vanquished.

Grand Total: 156 creatures vanquished

Notes
Turn   | Place    | Note
-------+----------+-------------------------------------------
     0 | D:1      | Flugkiller the Octopode Enchanter began the quest for the
                  | Orb.
     0 | D:1      | Reached XP level 1. HP: 11/11 MP: 3/3
   126 | D:1      | Reached skill level 1 in Fighting
   176 | D:1      | Reached XP level 2. HP: 18/18 MP: 5/5
   492 | D:1      | Learned a level 2 spell: Ensorcelled Hibernation
   936 | D:2      | Reached skill level 4 in Hexes
   936 | D:2      | Reached XP level 3. HP: 23/23 MP: 6/6
  1266 | D:2      | Found an iron altar of Okawaru.
  1269 | D:2      | Found a shimmering blue altar of Sif Muna.
  1274 | D:2      | Found a radiant altar of Vehumet.
  1277 | D:2      | Became a worshipper of Sif Muna the Loreminder
  1577 | D:3      | Noticed Jessica
  1580 | D:3      | Killed Jessica
  1580 | D:3      | Reached XP level 4. HP: 28/28 MP: 7/7
  1604 | D:3      | Reached skill level 5 in Hexes
  2182 | D:3      | Reached XP level 5. HP: 23/34 MP: 8/8
  2569 | D:3      | Noticed a dream sheep
  2569 | D:3      | Noticed a dream sheep
  2569 | D:3      | Noticed a dream sheep
  2569 | D:3      | Noticed a dream sheep
  2569 | D:3      | Noticed a dream sheep
  2569 | D:3      | Found a shimmering altar of Xom.
  2573 | D:3      | Killed a dream sheep
  2573 | D:3      | Killed a dream sheep
  2576 | D:3      | Killed a dream sheep
  2576 | D:3      | Killed a dream sheep
  2576 | D:3      | Killed a dream sheep
  2814 | D:3      | Reached skill level 5 in Stealth
  2947 | D:2      | Learned a level 3 spell: Confuse
  2969 | D:3      | Reached XP level 6. HP: 39/39 MP: 6/9
  3079 | D:3      | Found a glowing golden altar of the Shining One.
  3378 | D:4      | Found Jeaffant's Distillery.
  3421 | D:4      | Reached * piety under Sif Muna
  3662 | D:4      | Noticed Sigmund
  3717 | D:4      | Reached XP level 7. HP: 38/45 MP: 13/13
  3846 | D:4      | Found an ornate altar of the Wu Jian Council.
  4343 | D:5      | Entered Level 5 of the Dungeon
  4423 | D:5      | Found a shadowy altar of Dithmenos.
  4485 | D:5      | Noticed Ijyb
  4502 | D:5      | Killed Ijyb
  4707 | D:5      | Found a sparkling altar of Nemelex Xobeh.
  4747 | D:5      | Noticed Blork the orc
  4757 | D:5      | Killed Blork the orc
  4836 | D:5      | Noticed Dowan
  4896 | D:5      | Noticed Duvessa
  5020 | D:5      | Reached XP level 8. HP: 33/51 MP: 14/14
  5936 | D:6      | Noticed Eustachio
  5979 | D:6      | Killed Eustachio
  6086 | D:6      | Reached skill level 5 in Dodging
  6173 | D:6      | Learned a level 3 spell: Tukima's Dance
  6187 | D:6      | Found a staircase to the Ecumenical Temple.
  6226 | D:6      | Reached ** piety under Sif Muna
  6321 | D:6      | Found a hazy altar of Hepliaklqana.
  6544 | D:7      | Noticed a cyclops
  6696 | D:7      | Found Zoinlil's Food Emporium.
  6752 | D:7      | Reached skill level 6 in Hexes
  6794 | D:7      | Reached skill level 5 in Spellcasting
  6842 | D:7      | Reached XP level 9. HP: 57/57 MP: 16/16
  7067 | D:7      | Reached skill level 7 in Hexes
  7371 | D:8      | Noticed a wizard
  7613 | D:8      | Killed from afar by a wizard

Levels and vault maps discovered:
D:1:      matt_arrival_grand_opening, layout_basic
D:2:      layout_loops_cross, minitemple
D:3:      layout_basic, kb_xom_exploding_sheep, nicolae_tso_swordbearing_angel,
          uniq_jessica
D:4:      layout_loops_cross, kennysheep_mini_moat, serial_shops, shop,
          first_ration, st_stairs_4, uniq_sigmund
D:5:      layout_layer_cave, nemelex_xobeh_ov_fountains_minmay,
          skrybe_limestone_x, grunt_dithmenos_smoke, uniq_blork_the_orc,
          uniq_ijyb, uniq_duvessa
D:6:      layout_basic, nicolae_overflow_hidden_temple,
          minmay_temple_entry_glassed_door, uniq_eustachio
D:7:      layout_loops_ring, serial_shops, nicolae_shop_stone
D:8:      cheibrodos_wizards_tower, layout_loops_corners,
          lemuel_coloured_pillars_altar, serial_glass, glass_columns_b,
          glass_columns_b, glass_columns_b, glass_columns_c, special_room
          [special_room_orc], david_nohive_1, st_stairs_1

Skill      XL: |  1  2  3  4  5  6  7  8  9 |
---------------+----------------------------+-----
Fighting       | 1 2 3 |  3.2
Hexes          | 4 5 6 7 |  7.9
Short Blades   | 2 4 |  4.3
Stealth        | 5 6 |  6.6
Spellcasting   | 4 5 |  5.0
Dodging        | 4 5 |  5.0

Action                   |  1- 3 |  4- 6 |  7- 9 || total
-------------------------+-------+-------+-------++-------
Melee: Dagger            |    66 |   108 |   229 ||   403
       Constrict         |    13 |    35 |    41 ||    89
       Tentacles         |     6 |    17 |    32 ||    55
 Cast: Ensorcelled Hiber |       |    11 |    17 ||    28
       Corona            |       |     5 |    11 ||    16
       Confuse           |       |       |    21 ||    21
       Tukima's Dance    |       |       |     3 ||     3
  Use: Scroll            |     5 |     3 |     6 ||    14
 Stab: Sleeping          |    12 |    12 |    21 ||    45
       Confused          |       |       |    12 ||    12
  Eat: Chunk             |     2 |     7 |    11 ||    20
       Ration            |       |       |     1 ||     1
Armor: Skin              |    10 |    14 |     8 ||    32
Dodge: Dodged            |    51 |    53 |   116 ||   220

Table legend:
 A = Non-vault XP
 B = Vault XP
 C = Vault XP percentage of total XP
 D = Non-vault monster count
 E = Vault monster count
 F = Vault count percentage of total count
                 A         B        C        D         E       F
            +---------+---------+-------+---------+---------+-------
      Total |    2615 |     502 |  16.1 |     144 |       6 |   4.0
            +---------+---------+-------+---------+---------+-------
        D:1 |      28 |       0 |   0.0 |      20 |       0 |   0.0
        D:2 |      31 |       0 |   0.0 |      11 |       0 |   0.0
        D:3 |     312 |      37 |  10.6 |      39 |       1 |   2.5
        D:4 |     356 |      67 |  15.8 |      21 |       1 |   4.5
        D:5 |     267 |     127 |  32.2 |       9 |       2 |  18.2
        D:6 |     569 |     208 |  26.8 |      15 |       1 |   6.2
        D:7 |     774 |       0 |   0.0 |      20 |       0 |   0.0
        D:8 |     278 |      63 |  18.5 |       9 |       1 |  10.0
            +---------+---------+-------+---------+---------+-------
